 Dungeon Crawl Stone Soup version 0.21.1-1-g345015f (webtiles) character file.

235 Opti87 the Chopper (level 6, -5/56 HPs)
             Began as a Hill Orc Monk on May 16, 2018.
             Was a Believer of Beogh.
             Slain by an iguana (11 damage)
             ... on level 4 of the Dungeon on May 17, 2018.
             The game lasted 00:11:34 (4502 turns).

Opti87 the Chopper (Hill Orc Monk)                  Turns: 4502, Time: 00:11:35

Health: -5/56      AC:  9    Str: 16    XL:     6   Next: 5%
Magic:  6/6        EV:  7    Int: 10    God:    Beogh [**....]
Gold:   162        SH:  0    Dex: 13    Spells: 5/5 levels left

rFire    . . .     SeeInvis .   a - +0 hand axe
rCold    . . .     Gourm    .   (no shield)
rNeg     . . .     Faith    .   h - +0 chain mail
rPois    .         Spirit   .   (no helmet)
rElec    .         Reflect  .   (no cloak)
rCorr    .         Harm     .   (no gloves)
MR       .....                  (no boots)
Stlth    ..........             (no amulet)
HPRegen  0.18/turn              (no ring)
MPRegen  0.10/turn              (no ring)

@: no status effects
A: no striking features
a: Smiting, Renounce Religion


You were on level 4 of the Dungeon.
You worshipped Beogh.
Beogh was pleased with you.
You were very hungry.

You visited 1 branch of the dungeon, and saw 4 of its levels.

You collected 162 gold pieces.

Inventory:

Hand Weapons
 a - a +0 hand axe (weapon)
Armour
 b - a +0 robe
 h - a +0 chain mail (worn)
Scrolls
 d - a scroll of magic mapping {unknown}
 e - 2 scrolls of remove curse {unknown}
 g - a scroll of amnesia {unknown}
 j - a scroll of random uselessness {unknown}
 l - 7 scrolls of identify {unknown}
 m - 2 scrolls of enchant weapon {unknown}
 o - a scroll of immolation {unknown}
 p - a scroll of fear {unknown}
 q - 2 scrolls of teleportation {unknown}
Potions
 f - 2 potions of lignification {unknown}
 i - 4 potions of brilliance {unknown}
 k - 2 potions of curing {unknown}
 n - 2 potions of invisibility {unknown}
 r - a potion of haste {unknown}
 s - a potion of flight {unknown}
Comestibles
 c - 3 rations


   Skills:
 + Level 5.3 Fighting
 + Level 5.9 Axes
 + Level 3.1 Armour
 - Level 2.5 Dodging
 - Level 1.7 Stealth


You had 5 spell levels left.
You didn't know any spells.

Dungeon Overview and Level Annotations

Branches:
Dungeon (4/15)
 Temple: D:4-7

Altars:
Hepliaklqana
Nemelex Xobeh
Ru
Sif Muna
Xom
Zin

Annotations:
D:2 Robin


Message History

You have reached level 6!
Your experience leads to an increase in your attributes!
Increase (S)trength, (I)ntelligence, or (D)exterity?
You feel stronger.
You hit the iguana but do no damage.
The iguana is almost dead.
The iguana bites you.
* * * LOW HITPOINT WARNING * * *
You hit the iguana but do no damage.
The iguana is almost dead.
You are feeling very hungry.
The iguana bites you but does no damage.
You hit the iguana but do no damage.
The iguana is almost dead.
The iguana bites you.
* * * LOW HITPOINT WARNING * * *
You barely miss the iguana.
The iguana is almost dead.
The iguana bites you!
You die...

#........)......
....o.......#...
###................
#..................
........########..
##........#######..
#..# #..........
##l# ###...... #@#
##..##### ##.#
#..## #..##
##.######
#...######.........
###....#...########
####.#...# #.....#
###...# #.[.#


You could see an iguana.

Vanquished Creatures
  A centaur skeleton (D:4)
  Jessica (D:3)
  An iguana (D:3)
  2 worker ants
  A hound skeleton (D:4)
  4 adders
  A worm (D:2)
  A leopard gecko (D:3)
  7 orcs
  A giant cockroach (D:4)
  4 goblins
  5 hobgoblins
  A ball python (D:2)
  5 bats
  3 frilled lizards
  13 kobolds
  5 rats
56 creatures vanquished.

Vanquished Creatures (others)
  A dart slug (D:4)
1 creature vanquished.

Grand Total: 57 creatures vanquished

Notes
Turn   | Place    | Note
-------+----------+-------------------------------------------
     0 | D:1      | Opti87 the Hill Orc Monk began the quest for the Orb.
     0 | D:1      | Reached XP level 1. HP: 19/19 MP: 1/1
   496 | D:1      | Reached XP level 2. HP: 27/27 MP: 2/2
  1516 | D:2      | Found a deep blue altar of Sif Muna.
  1523 | D:2      | Reached skill level 1 in Armour
  1523 | D:2      | Reached XP level 3. HP: 33/33 MP: 3/3
  1938 | D:2      | Found a glowing silver altar of Zin.
  1968 | D:2      | Noticed Robin
  2009 | D:3      | Reached XP level 4. HP: 6/41 MP: 4/4
  2320 | D:3      | Reached skill level 5 in Axes
  2610 | D:3      | Found a sparkling altar of Nemelex Xobeh.
  2611 | D:3      | Found a shimmering altar of Xom.
  2838 | D:3      | Noticed Jessica
  2858 | D:3      | Killed Jessica
  2863 | D:3      | Reached XP level 5. HP: 21/47 MP: 5/5
  3437 | D:3      | Found a sacrificial altar of Ru.
  3952 | D:3      | Reached skill level 5 in Fighting
  3974 | D:4      | Found a hazy altar of Hepliaklqana.
  4312 | D:4      | Became a worshipper of Beogh the Brigand
  4312 | D:4      | Reached * piety under Beogh
  4312 | D:4      | Reached ** piety under Beogh
  4498 | D:4      | Reached XP level 6. HP: 16/56 MP: 6/6
  4502 | D:4      | Slain by an iguana

Skill      XL: |  1  2  3  4  5 |
---------------+----------------+-----
Fighting       | 4 5 |  5.3
Armour         | 1 2 3 |  3.1
Axes           | 5 |  5.9
Dodging        | |  2.5
Stealth        | |  1.7

Action                   |  1- 3 |  4- 6 || total
-------------------------+-------+-------++-------
Melee: Hand axe          |   126 |   133 ||   259
Invok: Convert to Beogh  |       |     1 ||     1
 Stab: Sleeping          |     2 |       ||     2
  Eat: Chunk             |     2 |     5 ||     7
       Ration            |       |     1 ||     1
Armor: Robe              |     6 |       ||     6
       Chain mail        |    37 |    85 ||   122
Dodge: Dodged            |    59 |    46 ||   105
